 Dungeon Crawl Stone Soup version 0.25.1-1-g288607f (webtiles) character file.

Game seed: 11495287017833814664

339 RonnieColeman the Conjurer (level 6, -1/36 HPs)
             Began as an Octopode Conjurer on Sept 24, 2020.
             Slain by a phantom (8 damage)
             ... on level 4 of the Dungeon.
             The game lasted 00:06:02 (4525 turns).

RonnieColeman the Conjurer (Octopode Conjurer)      Turns: 4525, Time: 00:06:03

Health: -1/36      AC:  1    Str:  7    XL:     6   Next: 55%
Magic:  1/13       EV: 13    Int: 20    God:
Gold:   199        SH:  0    Dex: 12    Spells: 12/15 levels left

rFire    . . .     SeeInvis .   j - +3 short sword
rCold    + . .     Gourm    .   (no shield)
rNeg     . . .     Faith    .   (helmet restricted)
rPois    .         Spirit   .   (no amulet)
rElec    .         Reflect  .   d - ring of protection from cold
rCorr    .         Harm     .   (no ring)
MR       .....                  (no ring)
Stlth    +++.......             (no ring)
HPRegen  0.12/turn              (no ring)
MPRegen  0.13/turn              (no ring)
                                (no ring)
                                (no ring)

@: no status effects
A: almost no armour, stealthy swim, amphibious, 8 rings, constrict 8, camouflage
1, gelatinous body 1
a: no special abilities


You were on level 4 of the Dungeon.
You were not hungry.

You visited 1 branch of the dungeon, and saw 4 of its levels.

You collected 199 gold pieces.

Inventory:

Hand Weapons
 j - a +3 short sword (weapon)
Jewellery
 d - a ring of protection from cold (left tentacle)
Wands
 h - a wand of polymorph (5)
 k - a wand of flame (15)
 n - a wand of iceblast (9)
Scrolls
 c - 2 scrolls of fog {unknown}
 e - 2 scrolls of fear {unknown}
 f - 3 scrolls of enchant armour {unknown}
 g - a scroll of teleportation {unknown}
 i - a scroll of random uselessness {unknown}
 m - a scroll of remove curse {unknown}
Potions
 a - 5 potions of curing {unknown}
 l - a potion of heal wounds {unknown}
Comestibles
 b - 8 rations
 o - a chunk of flesh


   Skills:
 - Level 2.0 Dodging
 - Level 2.6 Stealth
 * Level 5.2 Spellcasting
 + Level 5.4 Conjurations


You had 12 spell levels left.
You knew the following spells:

 Your Spells              Type           Power        Failure   Level  Hunger
a - Magic Dart            Conj           ####         1%          1    None
b - Searing Ray           Conj           ####..       1%          2    None

Your spell library contained the following spells:

 Spells                   Type           Power        Failure   Level  Hunger
 Dazzling Flash           Conj/Hex       ###...       11%         3    ##.....
 Fulminant Prism          Conj/Hex       ###.......   36%         4    ####...
 Iskenderun's Mystic Bla  Conj/Tloc      ###.....     36%         4    ####...


Dungeon Overview and Level Annotations

Branches:
Dungeon (4/15)
 Temple: D:4-7

Altars:
Ashenzari
Gozag
Qazlal


Innate Abilities, Weirdness & Mutations

You cannot wear most types of armour.
You are very stealthy in the water. (Stealth+)
You are amphibious.
You can wear up to eight rings at the same time.
You can use your tentacles to constrict eight enemies at once.
Your skin changes colour to match your surroundings (Stealth+).
Your rubbery body absorbs attacks. (AC +1, EV +1)


Message History

Casting: Searing Ray (safe; 1% risk of failure)
Confirm with . or Enter, or press ? or * to list all spells.
You don't know that spell.
You barely miss the phantom.
The phantom is severely damaged.
The phantom barely misses you.
You hit the phantom.
The phantom is severely damaged.
The phantom hits you. x2
* * * LOW HITPOINT WARNING * * *
You hit the phantom.
The phantom is almost destroyed.
The phantom closely misses you.
You hit the phantom. Your squeeze misses the phantom.
The phantom is almost destroyed.
The phantom closely misses you.
You barely miss the phantom.
The phantom is almost destroyed.
The phantom hits you!
You die...

#. #.# #.#. #.#
#.#. #.# +#
###.#.##.# ...
#........# ....
#......# .....
##...#.##......
#......@W......
##.....##.$....
##.#..# .(...
###..# ....
#.#####..# ...
#.......<# #+#
#######.## #.#
#.# #.# #.#
##.##


You could see a phantom.

Vanquished Creatures
  Edmund (D:4)
  A centaur zombie (D:3)
  2 hounds (D:4)
  Terence (D:2)
  A hound skeleton (D:4)
  2 adders (D:2)
  4 worms (D:3)
  A dart slug (D:2)
  5 leopard geckos
  7 orcs
  2 ball pythons
  3 bats (D:2)
  2 giant cockroaches
  8 goblins
  5 hobgoblins
  6 jackals
  A kobold (D:2)
  3 quokkas
  3 frilled lizards
  9 rats
67 creatures vanquished.

Notes
Turn   | Place    | Note
-------+----------+-------------------------------------------
     0 | D:1      | RonnieColeman the Octopode Conjurer began the quest for the
                  | Orb.
     0 | D:1      | Reached XP level 1. HP: 11/11 MP: 3/3
    65 | D:1      | Reached XP level 2. HP: 13/17 MP: 0/5
  1031 | D:2      | Reached XP level 3. HP: 16/21 MP: 1/7
  1591 | D:2      | Reached XP level 4. HP: 4/27 MP: 9/9
  1600 | D:2      | Learned a level 2 spell: Searing Ray
  1928 | D:2      | Noticed Terence
  1935 | D:2      | Killed Terence
  2977 | D:3      | Found a shattered altar of Ashenzari.
  2977 | D:3      | Found an opulent altar of Gozag.
  3006 | D:3      | Reached XP level 5. HP: 9/31 MP: 11/11
  3641 | D:4      | Reached skill level 5 in Conjurations
  3948 | D:4      | Reached XP level 6. HP: 10/36 MP: 7/13
  4401 | D:4      | Found a stormy altar of Qazlal.
  4508 | D:4      | Noticed Edmund
  4508 | D:4      | Noticed a phantom
  4519 | D:4      | Killed Edmund
  4519 | D:4      | Reached skill level 5 in Spellcasting
  4525 | D:4      | Slain by a phantom

Illustrated notes

Levels and vault maps discovered:
D:1:      lemuel_arrival_broad_hall, layout_basic
D:2:      cheibrodos_helix_gallery, layout_loops_ring, first_ration,
          minmay_diced_spiral, uniq_terence
D:3:      layout_basic, gammafunk_temple_overflow_wave
D:4:      layout_loops_corners, minivault_11, dk_noncrumbling_2,
          nicolae_qazlal_general_emergency, uniq_edmund

Skill      XL: |  1  2  3  4  5  6 |
---------------+-------------------+-----
Spellcasting   | 3 4 5 |  5.2
Conjurations   | 5 |  5.4
Dodging        | |  2.0
Stealth        | |  2.6

Action                   |  1- 3 |  4- 6 || total
-------------------------+-------+-------++-------
Melee: Unarmed           |    18 |       ||    18
       Constrict         |    18 |    14 ||    32
       Tentacles         |    16 |    13 ||    29
       Club              |     8 |       ||     8
       Whip              |    18 |       ||    18
       Short sword       |    11 |    81 ||    92
 Cast: Magic Dart        |    10 |     1 ||    11
       Searing Ray       |       |    10 ||    10
 Stab: Sleeping          |     6 |     5 ||    11
  Eat: Chunk             |     2 |     9 ||    11
Armor: Skin              |     6 |     6 ||    12
Dodge: Dodged            |    36 |    62 ||    98
